 Dungeon Crawl Stone Soup version 0.24-a0-725-gf1a930fc54 (webtiles) character file.

Game seed: 1185658003870429874, levelgen mode: deterministic

254 Kohma the Insei (level 5, -5/40 HPs)
             Began as a Draconian Transmuter on Oct 1, 2019.
             Slain by an orc priest
             ... wielding a +0 hand axe
              (6 damage)
             ... on level 3 of the Dungeon.
             The game lasted 00:08:56 (3674 turns).

Kohma the Insei (Draconian Transmuter)              Turns: 3674, Time: 00:08:57

Health: -5/40      AC:  5    Str: 12    XL:     5   Next: 90%
Magic:  12/18      EV: 12    Int: 14    God:
Gold:   70         SH:  0    Dex: 12    Spells: 4/10 levels left

rFire    . . .     SeeInvis .     - Unarmed
rCold    . . .     Gourm    .   (no shield)
rNeg     . . .     Faith    .   (armour unavailable)
rPois    .         Spirit   .   (helmet restricted)
rElec    .         Reflect  .   (no cloak)
rCorr    .         Harm     .   (no gloves)
MR       .....                  (boots currently unavailable)
Stlth    +.........             (no amulet)
HPRegen  0.13/turn              f - ring of magical power
MPRegen  0.16/turn              (no ring)

@: lethally poisoned (-5 -> -29), appendage, very slightly contaminated
A: unfitting armour, talons 3, cold-blooded, AC +5
a: End Transformation


You were on level 3 of the Dungeon.
You were hungry.
You had grown temporary talons.
You visited 1 branch of the dungeon, and saw 3 of its levels.

You collected 70 gold pieces.

Inventory:

Missiles
 a - 28 arrows
 d - 139 stones
 o - 4 javelins (quivered)
 p - 27 sling bullets
 r - 4 boomerangs
Jewellery
 f - a ring of magical power (left hand)
Wands
 n - a wand of random effects (13)
Scrolls
 b - a scroll of magic mapping {unknown}
 g - 4 scrolls of identify {unknown}
 i - a scroll of immolation {unknown}
 k - 3 scrolls of remove curse {unknown}
 l - a scroll of random uselessness {unknown}
Potions
 e - a potion of flight {unknown}
 h - 4 potions of curing {unknown}
 j - a potion of mutation {unknown}
 m - a potion of berserk rage {unknown}
Comestibles
 c - 4 rations
 q - 5 chunks of flesh


   Skills:
 + Level 1.2 Fighting
 + Level 1.8 Dodging
 * Level 4.8 Unarmed Combat
 - Level 3.0 Spellcasting
 * Level 4.1 Transmutations


You had 4 spell levels left.
You knew the following spells:

 Your Spells              Type           Power        Failure   Level  Hunger
a - Beastly Appendage     Tmut           ##....       3%          1    #......
b - Sticks to Snakes      Tmut           ##......     6%          2    ##.....
c - Spider Form           Tmut/Pois      #.........   26%         3    ###....

Your spell library contained the following spells:

 Spells                   Type           Power        Failure   Level  Hunger
 Ice Form                 Ice/Tmut       #.......     65%         4    #####..
 Blade Hands              Tmut           ##........   71%         5    ######.


Dungeon Overview and Level Annotations

Branches:
Dungeon (3/15)

Altars:
Dithmenos
Nemelex Xobeh
Wu Jian
The Shining One


Innate Abilities, Weirdness & Mutations

Your plain brown scales are hard. (AC +5)
You cannot fit into any form of body armour.
You are cold-blooded and may be slowed by cold attacks.
You have claws for feet.


Message History

Aiming: Random Effects
Press: ? - help, Shift-Dir - straight line, f/p - orc priest
Aim: an orc priest, wielding a +0 hand axe and wearing a +0 ring mail (heavily wounded)
The orc priest appears confused.
* * * LOW HITPOINT WARNING * * *
You feel sick. Something hits you.
* * * LOW HITPOINT WARNING * * *
You are more poisoned.
Unknown command.
Okay, then.
Casting: Beastly Appendage (safe; 3% risk of failure)
Confirm with . or Enter, or press ? or * to list all spells.
You miscast Spider Form.
You are very lightly contaminated with residual magic.
Nothing appears to happen.
You are feeling hungry.
* * * LOW HITPOINT WARNING * * *
You feel sick.
The orc priest hits you with a +0 hand axe.
You die...

######+#######.
......{........
......o@..#
########.## #.#
### ###
#.########.## #..
#.........#.###..
########......#..
#.#.##>#..
#.#.##.#..
#.#.......


You could see an orc priest (confused).

Vanquished Creatures
  An ogre (D:3)
  An orc priest (D:2)
  An orc wizard (D:3)
  A worker ant (D:3)
  3 adders (D:2)
  2 worms (D:3)
  A dart slug (D:2)
  3 leopard geckos
  6 orcs
  4 bats
  5 giant cockroaches
  5 goblins
  12 hobgoblins
  2 ball pythons
  2 frilled lizards
  6 kobolds
  9 rats
64 creatures vanquished.

Notes
Turn   | Place    | Note
-------+----------+-------------------------------------------
     0 | D:1      | Kohma the Draconian Transmuter began the quest for the Orb.
     0 | D:1      | Reached XP level 1. HP: 16/16 MP: 3/3
   219 | D:1      | Reached XP level 2. HP: 21/23 MP: 5/5
   954 | D:1      | Reached XP level 3. HP: 28/28 MP: 6/6
  1114 | D:2      | Found a shadowy altar of Dithmenos.
  1114 | D:2      | Found a glowing golden altar of the Shining One.
  1286 | D:2      | Found a sparkling altar of Nemelex Xobeh.
  1962 | D:2      | Reached XP level 4. HP: 35/35 MP: 8/8
  2792 | D:2      | Reached XP level 5. HP: 16/40 MP: 9/9
  2987 | D:3      | Found an ornate altar of the Wu Jian Council.
  3341 | D:3      | Noticed an ogre
  3345 | D:3      | Learned a level 2 spell: Sticks to Snakes
  3361 | D:3      | Killed an ogre
  3518 | D:3      | Learned a level 3 spell: Spider Form
  3674 | D:3      | HP: 1/40 [poisoned by an orc wizard]
  3674 | D:3      | Slain by an orc priest

Levels and vault maps discovered:
D:1:      dpeg_arrival_rooms_b, layout_basic
D:2:      layout_loops_corners, nemelex_xobeh_ov_fountains_minmay,
          gammafunk_temple_overflow_elements
D:3:      layout_loops_cross, overflow_temple_1_default, minmay_door_square

Skill      XL: |  1  2  3  4  5 |
---------------+----------------+-----
Transmutations | 3 4 |  4.1
Spellcasting   | 3 |  3.0
Unarmed Combat | 4 |  4.8
Fighting       | |  1.2
Dodging        | |  1.8

Action                   |  1- 3 |  4- 6 || total
-------------------------+-------+-------++-------
Melee: Unarmed           |   150 |   118 ||   268
       Tailslap          |     9 |    14 ||    23
       Kick              |     2 |     7 ||     9
       Headbutt          |     2 |     6 ||     8
       Punch             |     1 |       ||     1
 Cast: Beastly Appendage |     4 |    10 ||    14
       Sticks to Snakes  |       |     6 ||     6
Evoke: Wand              |       |     1 ||     1
 Stab: Sleeping          |     1 |       ||     1
       Distracted        |       |     1 ||     1
  Eat: Chunk             |     3 |     6 ||     9
Armor: Skin              |    35 |    30 ||    65
Dodge: Dodged            |    94 |    73 ||   167

Table legend:
 A = Non-vault XP
 B = Vault XP
 C = Vault XP percentage of total XP
 D = Non-vault monster count
 E = Vault monster count
 F = Vault count percentage of total count
                 A         B        C        D         E       F
            +---------+---------+-------+---------+---------+-------
      Total |     363 |       0 |   0.0 |      64 |       0 |   0.0
            +---------+---------+-------+---------+---------+-------
        D:1 |      41 |       0 |   0.0 |      23 |       0 |   0.0
        D:2 |     124 |       0 |   0.0 |      26 |       0 |   0.0
        D:3 |     198 |       0 |   0.0 |      15 |       0 |   0.0
            +---------+---------+-------+---------+---------+-------
